[Event "*** SCC Grand Prix: Titled Tuesday Blitz"]
[Site "Chess.com"]
[Date "2020.07.14"]
[Round "2"]
[White "Cocaino74"]
[Black "RobertoJBM"]
[Result "0-1"]
[WhiteElo "2340"]
[BlackElo "2624"]
[TimeControl "180+1"]
[EndTime "10:17:37 PDT"]
[Termination "RobertoJBM won by resignation"]

1. e4 c6 2. d4 d5 3. exd5 cxd5 4. Bd3 Nc6 5. c3 g6 6. Nf3 Bf5 7. Bxf5 gxf5 8. Bg5 Qd7 9. Nbd2 Bg7 10. O-O Nf6 11.
Ne5 Nxe5 12. dxe5 Ne4 13. Nxe4 dxe4 14. Qxd7+ Kxd7 15. Rad1+ Ke6 16. f4 exf3 17. Rxf3 Bxe5 18. Rdf1 f6 19. Bh6 Rad8 20. Rxf5 Rd3 21. R5f2 Rhd8 22. Re2 Kd5 23. g3 Rd7 24. Bf4 Bxf4 25. Rxf4 Kc6 26.
Re6+ R3d6 27. Rfe4 Rxe6 28. Rxe6+ Kd5 29. Re2 e5 30. b3 Ke6 31. g4 Rd3 32. c4 Rd4 33. h3 h5 34. Rg2 hxg4 35. hxg4 Kf7 36. Kh2 Kg6 37. Kh3 Kg5 38. Rf2 Rd3+ 39. Kg2 e4 40. Kf1 Rf3 41. Rxf3 exf3 42. c5 Kxg4 43. Kf2 Kf4 44. b4 Ke4 45. a3 a6 46. a4 Kd5 47.
Kxf3 Kc4 48. Ke4 Kxb4 49. Kd5 f5 50. Kd6 f4 51. Kd5 f3 52. Ke4 f2 0-1

[Event "*** SCC Grand Prix: Titled Tuesday Blitz"]
[Site "Chess.com"]
[Date "2020.07.14"]
[Round "2"]
[White "Kildepiotr"]
[Black "Azoulas1"]
[Result "1-0"]
[WhiteElo "2591"]
[BlackElo "2012"]
[TimeControl "180+1"]
[EndTime "10:17:37 PDT"]
[Termination "Kildepiotr won by resignation"]

1. Nf3 Nf6 2. g3 g6 3. Bg2 Bg7 4. O-O O-O 5. d4 d6 6. Nbd2 Nbd7 7. e4 e5 8. dxe5 dxe5 9. Qe2 c6 10. a4 a5 11. b3 Qc7 12. Bb2 Re8 13. Nc4 b6 14.
Rfd1 Ba6 15. Nfd2 Rad8 16. Qe1 Nc5 17. Bf1 Rd7 18. f3 h5 19. Ne3 Bxf1 20. Kxf1 Ne6 21. c3 h4 22. Ndc4 hxg3 23. hxg3 Ng5 24. Qe2 Red8 25. Ba3 b5 26. Nb2 Qb6 27. Kg2 b4 28. Nbc4 Qb8 29. cxb4 axb4 30. Bb2 Re8 31. Rxd7 Nxd7 32.
a5 Nc5 33. a6 Qc8 34. Ng4 Nxa6 35. Nd6 Qd7 36. Nxe8 Nc5 37. Nxg7 Kxg7 38. Bxe5+ 1-0

[Event "*** SCC Grand Prix: Titled Tuesday Blitz"]
[Site "Chess.com"]
[Date "2020.07.14"]
[Round "2"]
[White "Mbneu"]
[Black "Zhani-Z"]
[Result "1-0"]
[WhiteElo "2218"]
[BlackElo "2415"]
[TimeControl "180+1"]
[EndTime "10:17:38 PDT"]
[Termination "Mbneu won by resignation"]

1. d4 Nf6 2. c4 e6 3. Nc3 Bb4 4. Bg5 c5 5. d5 exd5 6. cxd5 d6 7. e3 Nbd7 8. Bd3 h6 9. Bh4 Ne5 10. Nf3 Ng6 11. Bxg6 fxg6 12. Qc2 g5 13. Qg6+ Kf8 14. Bg3 Qe7 15. O-O Bd7 16. Nd2 Be8 17. Qc2 Bf7 18.
Nc4 Rd8 19. Nb5 Ne4 20. a3 a6 21. Nbxd6 Nxd6 22. Bxd6 Rxd6 23. Nxd6 Ba5 24. Qxc5 Bc7 25. Nxb7 Qxc5 26. Nxc5 Bxd5 27. Rfd1 Bf7 28. Nxa6 Be5 29. Rac1 g6 30. Rc8+ Kg7 31. Rxh8 Kxh8 32. b4 Kg8 33. b5 Bc4 34. a4 Bb3 35. Rd8+ Kf7 36. b6 Bxa4 37. b7 1-0

[Event "*** SCC Grand Prix: Titled Tuesday Blitz"]
[Site "Chess.com"]
[Date "2020.07.14"]
[Round "2"]
[White "lucachess49"]
[Black "VladimirBugayev"]
[Result "1-0"]
[WhiteElo "2397"]
[BlackElo "2107"]
[TimeControl "180+1"]
[EndTime "10:17:38 PDT"]
[Termination "lucachess49 won by checkmate"]

1. d4 d5 2. c4 c6 3. Nc3 Nf6 4. e3 e6 5. Nf3 Nbd7 6. Qc2 Bd6 7.
Bd3 O-O 8. O-O dxc4 9. Bxc4 b5 10. Bd3 Bb7 11. e4 e5 12. Ne2 h6 13. h3 Qe7 14.
Be3 a6 15. dxe5 Nxe5 16. Nxe5 Bxe5 17. f4 Bc7 18. Bc5 Qd7 19. Rad1 Qe6 20. Nd4 Qe8 21.
Nf5 g6 22. Ne7+ Kg7 23. e5 Nd7 24. Bd6 Bb6+ 25. Kh2 c5 26. f5 c4 27. Be4 Bxe4 28. Qxe4 f6 29. Nxg6 fxe5 30. Nxf8 Nxf8 31. Bxf8+ Kxf8 32. f6 Bd4 33. f7 Qe6 34. Qh7 Ke7 35. f8=Q# 1-0

[Event "*** SCC Grand Prix: Titled Tuesday Blitz"]
[Site "Chess.com"]
[Date "2020.07.14"]
[Round "2"]
[White "nrvisakh"]
[Black "Brave_spirit12"]
[Result "1-0"]
[WhiteElo "2772"]
[BlackElo "2491"]
[TimeControl "180+1"]
[EndTime "10:17:39 PDT"]
[Termination "nrvisakh won by checkmate"]

1. e4 e6 2. d4 d5 3. e5 c5 4. c3 Nc6 5. Nf3 Qb6 6. a3 f6 7.
exf6 Nxf6 8. Bd3 Bd6 9. O-O c4 10. Bc2 O-O 11. Re1 Bd7 12. Nbd2 Rae8 13. Nf1 e5 14.
dxe5 Nxe5 15. Nxe5 Bxe5 16. h3 Kh8 17. Re2 d4 18.
cxd4 Bxd4 19. Be3 Bxe3 20. Nxe3 Qxb2 21. Bg6 Qe5 22. Bxe8 Rxe8 23. Rc1 c3 24. Re1 Bc6 25. Qd3 Ne4 26. f3 Ng5 27. Nf1 Qc5+ 28. Re3 Bb5 29. Qxc3 Qb6 30. Qc5 Rxe3 31. Qf8# 1-0

[Event "*** SCC Grand Prix: Titled Tuesday Blitz"]
[Site "Chess.com"]
[Date "2020.07.14"]
[Round "2"]
[White "StephenDedalus83"]
[Black "velemajstor767276"]
[Result "0-1"]
[WhiteElo "2815"]
[BlackElo "2536"]
[TimeControl "180+1"]
[EndTime "10:17:40 PDT"]
[Termination "velemajstor767276 won by resignation"]

1. e4 c5 2. Nf3 e6 3. d4 cxd4 4. Nxd4 a6 5. Nc3 Qc7 6. Bd3 Nf6 7. f4 d6 8. Qf3 h5 9. a4 b6 10. O-O Bb7 11. Kh1 Nbd7 12. Bd2 Be7 13. Rae1 Rc8 14.
Qe2 Nc5 15. e5 dxe5 16. fxe5 Nd5 17. Nxd5 Bxd5 18. Bxa6 Nxa6 19. Qxa6 Bc5 20. Qb5+ Kf8 21. Bb4 Kg8 22. Bxc5 bxc5 23. Nb3 c4 24. Nd4 Rb8 25. Qa6 Rxb2 26. Nb5 Qc6 27. Qxc6 Bxc6 28. Nd4 Bxa4 29.
Ra1 Bxc2 30. h3 Be4 31. Nf3 c3 32. Ra8+ Bxa8 0-1

[Event "*** SCC Grand Prix: Titled Tuesday Blitz"]
[Site "Chess.com"]
[Date "2020.07.14"]
[Round "2"]
[White "Oglob71"]
[Black "seorobert1971"]
[Result "1-0"]
[WhiteElo "2510"]
[BlackElo "2765"]
[TimeControl "180+1"]
[EndTime "10:17:40 PDT"]
[Termination "Oglob71 won by resignation"]

1. d4 Nf6 2. Nf3 e6 3. c4 d5 4. Bg5 h6 5. Bxf6 Qxf6 6. e3 c6 7. Nc3 Nd7 8. Qc2 g6 9. a3 Bg7 10. Rd1 O-O 11. Be2 Qe7 12. O-O a6 13. b4 b5 14. c5 e5 15. e4 dxe4 16. Qxe4 Bb7 17.
dxe5 Nxe5 18. Nxe5 Qxe5 19. Qxe5 Bxe5 20. Ne4 Bb2 21.
Rd3 a5 22. Nd6 Ra7 23. Bf3 Ba8 24. Rb1 Bf6 25. g3 Kg7 26. Kg2 h5 27. h4 Rb8 28.
Re1 axb4 29. axb4 Kf8 30. Re4 Be7 31. Rf4 Bxd6 32. Rxd6 Kg7 33. Bxc6 Bxc6+ 34. Rxc6 Rd7 35. Rcf6 Rc7 36. Ra6 Rd7 37. Ra5 Rc7 38. Rd4 Re7 39.
Kf3 Reb7 40. Ra6 Re7 41. Rdd6 Re5 42. Rab6 Rbe8 43. Rd2 Re4 44. Rxb5 Rc4 45. Rb7 Re6 46. Kg2 Rf6 47. Rd3 Rc2 48. Rf3 1-0

[Event "*** SCC Grand Prix: Titled Tuesday Blitz"]
[Site "Chess.com"]
[Date "2020.07.14"]
[Round "2"]
[White "Sanyura"]
[Black "Kaua18"]
[Result "0-1"]
[WhiteElo "2461"]
[BlackElo "2285"]
[TimeControl "180+1"]
[EndTime "10:17:40 PDT"]
[Termination "Kaua18 won on time"]

1. e4 c5 2. Nf3 Nc6 3. d4 cxd4 4. Nxd4 Nf6 5. Nc3 e5 6. Ndb5 d6 7. Bg5 a6 8. Na3 b5 9. Nd5 Be7 10. Bxf6 Bxf6 11. c3 Bg5 12. Nc2 O-O 13. a4 bxa4 14. Rxa4 a5 15. Bc4 Rb8 16. b3 Kh8 17. O-O f5 18. exf5 Bxf5 19. Nce3 Bg6 20. Qg4 e4 21. Qe2 Ne5 22. Rd1 Bh4 23. g3 Bg5 24. h4 Nf3+ 25. Kf1 Bxh4 26. Nf4 Rxf4 27. gxf4 Qd7 28. f5 Bxf5 29.
Nxf5 Qxf5 30. Be6 Qxe6 31. Qxe4 Qh3+ 32. Ke2 Rf8 33. Rxd6 h6 0-1

[Event "*** SCC Grand Prix: Titled Tuesday Blitz"]
[Site "Chess.com"]
[Date "2020.07.14"]
[Round "2"]
[White "shav3184"]
[Black "serhanberat_ozdemir"]
[Result "1-0"]
[WhiteElo "2280"]
[BlackElo "2442"]
[TimeControl "180+1"]
[EndTime "10:17:41 PDT"]
[Termination "shav3184 won on time"]

1. e4 c5 2. Nf3 e6 3. d4 cxd4 4. Nxd4 a6 5. c4 Nf6 6. Nc3 Qc7 7. Be3 Bb4 8. Bd3 Nc6 9. O-O O-O 10. Na4 Be7 11.
b3 d5 12. cxd5 exd5 13. Nxc6 bxc6 14. exd5 Nxd5 15. Bc5 Be6 16. Rc1 Rfd8 17. Qf3 Bf6 18. Rfe1 a5 19. h3 Rab8 20. Be4 Re8 21. Qd3 Rbd8 22.
Bxh7+ Kh8 23. Be4 Nf4 24. Qf3 Be5 25. Bxc6 1-0

[Event "*** SCC Grand Prix: Titled Tuesday Blitz"]
[Site "Chess.com"]
[Date "2020.07.14"]
[Round "2"]
[White "Slovak_fighter2000"]
[Black "Matols"]
[Result "1-0"]
[WhiteElo "2430"]
[BlackElo "2200"]
[TimeControl "180+1"]
[EndTime "10:17:41 PDT"]
[Termination "Slovak_fighter2000 won by resignation"]

1. d4 Nf6 2. Bf4 e6 3. Nf3 c5 4. e3 d5 5. c3 Nc6 6. Nbd2 Bd6 7. Bg3 O-O 8. Bd3 b6 9. Qe2 Bb7 10. Rd1 Re8 11. e4 dxe4 12. Nxe4 Nxe4 13. Qxe4 f5 14. Qe2 cxd4 15. Bc4 Kh8 16. cxd4 Bb4+ 17. Kf1 Na5 18. Bb5 Bd5 19. Ne5 Rf8 20. Qh5 Qf6 21. Bh4 Qh6 22.
Qxh6 gxh6 23. a3 Bd6 24. f3 Rac8 25. Ke2 Rc2+ 26. Rd2 Rxd2+ 27. Kxd2 Nb3+ 28. Kd3 Rc8 29. Nc4 Bf8 30. Ne3 Bb7 31. Bc4 Na5 32. Bxe6 Rc7 33.
Nxf5 Ba6+ 34. Ke3 Nc4+ 35. Kf4 Bg7 36. d5 Nxb2 37. d6 Rc4+ 38. Bxc4 Nxc4 39. d7 Be5+ 40.
Kg4 h5+ 41. Kxh5 1-0

[Event "*** SCC Grand Prix: Titled Tuesday Blitz"]
[Site "Chess.com"]
[Date "2020.07.14"]
[Round "2"]
[White "heyiampotato"]
[Black "TigrVShlyape"]
[Result "0-1"]
[WhiteElo "2530"]
[BlackElo "2866"]
[TimeControl "180+1"]
[EndTime "10:17:42 PDT"]
[Termination "TigrVShlyape won on time"]

1. d4 Nf6 2. c4 g6 3. Nc3 Bg7 4. e4 d6 5. Nf3 O-O 6. Be2 e5 7. O-O Nc6 8. d5 Ne7 9. Bg5 h6 10. Be3 Ng4 11. Bd2 f5 12. exf5 Nxf5 13. Rc1 Nf6 14.
Bd3 a5 15. Ne4 b6 16. b3 Bd7 17. Re1 Qe7 18. h3 Qf7 19. Qc2 Kh8 20. Bc3 Rae8 21. Re2 Nh5 22. Ree1 Nf4 23. Bf1 g5 24. Ng3 Qg6 25.
Kh2 h5 26. Ne4 g4 27. hxg4 hxg4 28. Nfd2 Re7 29. Kg1 Bh6 30. g3 Rh7 31. gxf4 Bxf4 32. Bg2 Qh6 33. Kf1 g3 34. f3 Qh2 35. Nb1 Ne3+ 36. Rxe3 Bxe3 0-1

[Event "*** SCC Grand Prix: Titled Tuesday Blitz"]
[Site "Chess.com"]
[Date "2020.07.14"]
[Round "2"]
[White "GianmarcoVaR"]
[Black "mishanick"]
[Result "0-1"]
[WhiteElo "2523"]
[BlackElo "2847"]
[TimeControl "180+1"]
[EndTime "10:17:43 PDT"]
[Termination "mishanick won on time"]

1. d4 Nf6 2. c4 e6 3. g3 d5 4. Nf3 Bb4+ 5. Bd2 Be7 6. Bg2 c6 7. Qc2 O-O 8. O-O Nbd7 9. Bf4 b6 10. Rd1 Ba6 11. cxd5 cxd5 12. Nc3 b5 13. a3 Rc8 14. Qb3 Qa5 15. Bd2 Qb6 16. Na2 Rfe8 17. Bb4 Bd8 18. Rac1 Rxc1 19. Rxc1 Bb7 20. Bd2 a5 21. Qc2 Ne4 22.
Be1 h6 23. e3 Nd6 24. b3 Qa7 25. Bf1 Bb6 26. Bd3 Rc8 27. Qe2 Rxc1 28. Nxc1 Bc6 29.
Ne5 Nxe5 30. dxe5 Ne4 31. Bxb5 Bxb5 32. Qxb5 Bxe3 33. Nd3 Bd2 34. Bxd2 Nxd2 35. Qc5 Qa6 36. Qc2 Nf3+ 37. Kg2 Qxd3 38. Qc8+ Kh7 39. Qc7 Qe4 40. Kf1 Nd2+ 41. Kg1 Qe1+ 0-1

[Event "*** SCC Grand Prix: Titled Tuesday Blitz"]
[Site "Chess.com"]
[Date "2020.07.14"]
[Round "2"]
[White "DishonorOnYourCow"]
[Black "gagtemp"]
[Result "1-0"]
[WhiteElo "2344"]
[BlackElo "1935"]
[TimeControl "180+1"]
[EndTime "10:17:44 PDT"]
[Termination "DishonorOnYourCow won on time"]

1. d4 d5 2. c4 e6 3. Nc3 c5 4. cxd5 exd5 5. Nf3 Nc6 6. g3 Nf6 7. Bg2 Be7 8. Bg5 O-O 9. O-O cxd4 10. Nxd4 h6 11.
Bf4 Re8 12. Rc1 Bg4 13. Ndb5 d4 14. Bxc6 bxc6 15. Nxd4 c5 16. Nf3 Qb6 17. Na4 Qb4 18. Qb3 Qa5 19. Bd2 Qa6 20. Qc4 Qb7 21. Ne5 Bh3 22. Qxf7+ Kh8 23. f3 Bxf1 24. Bxh6 Rg8 25.
Ng6+ Kh7 26. Nxe7 Bxe2 27. Bg5 Qxf3 28. Qg6+ Kh8 29. Qc2 Rae8 30. Ng6+ 1-0

[Event "*** SCC Grand Prix: Titled Tuesday Blitz"]
[Site "Chess.com"]
[Date "2020.07.14"]
[Round "2"]
[White "JosefineHeinemann"]
[Black "Irishchessman16"]
[Result "1-0"]
[WhiteElo "2640"]
[BlackElo "2390"]
[TimeControl "180+1"]
[EndTime "10:17:45 PDT"]
[Termination "JosefineHeinemann won on time"]

1. e4 c5 2. Nf3 Nc6 3. d4 cxd4 4. Nxd4 Nf6 5. Nc3 e5 6. Ndb5 d6 7. Bg5 a6 8. Na3 b5 9. Bxf6 gxf6 10. Nd5 Bg7 11. c3 O-O 12. Nc2 f5 13. exf5 Bxf5 14. Nce3 Be6 15. Bd3 f5 16. Qh5 e4 17. Bc2 b4 18.
Nf4 Bf7 19. Qxf5 bxc3 20. Bxe4 Qh4 21. g3 cxb2 22. Rb1 Bc3+ 23. Kf1 Bc4+ 24. Nxc4 Rxf5 25. gxh4 Rxf4 26. Bxc6 Raf8 27. f3 Rxh4 28. Nxd6 Rh6 29.
Bd5+ Kg7 30. Rg1+ Rg6 31. Ke2 Rd8 32. Ne4 Be5 33. Bc4 Rc8 34. Rxg6+ hxg6 35. Bxa6 Rh8 36. a4 Rxh2+ 37. Ke3 Kf7 38. a5 Rh8 39. Bb7 Ke7 40.
a6 Rd8 41. Ke2 Bd4 42. Rd1 Kd7 43. Rxd4+ Kc7 44. Rb4 1-0

[Event "*** SCC Grand Prix: Titled Tuesday Blitz"]
[Site "Chess.com"]
[Date "2020.07.14"]
[Round "2"]
[White "Msb2"]
[Black "eCztery"]
[Result "1-0"]
[WhiteElo "2882"]
[BlackElo "2445"]
[TimeControl "180+1"]
[EndTime "10:17:45 PDT"]
[Termination "Msb2 won by checkmate"]

1. d4 d5 2. c4 e6 3. Nc3 Nf6 4.
cxd5 exd5 5. Bg5 Bb4 6. e3 c5 7. dxc5 Nbd7 8. Bb5 O-O 9. Bxd7 Bxd7 10. Qd4 Bxc3+ 11.
Qxc3 Rc8 12. Bxf6 Qxf6 13. Qxf6 gxf6 14. Nf3 Rxc5 15. Nd4 Rfc8 16. Kd2 Kf8 17. Rhc1 b6 18. Rc2 Ke7 19. Rac1 Kd6 20. Kd3 a5 21. Rc3 b5 22.
Rxc5 Rxc5 23. Rxc5 Kxc5 24. Nb3+ Kb4 25. Kd4 a4 26.
Nc5 Be6 27. Nd3+ Ka5 28. Kc5 d4 29. a3 dxe3 30. fxe3 Bf5 31. Nb4 Be4 32. g3 f5 33.
Na2 h6 34. Nc3 Bf3 35. Nxb5 f6 36. Nd4 Be4 37. h4 h5 38. Nc6+ Ka6 39. Nb4+ Ka5 40.
Nd5 Bxd5 41. Kxd5 Kb5 42. Kd4 Kb6 43. Kc4 Kc6 44. b3 axb3 45. Kxb3 Kb5 46. Kc3 Kc5 47. a4 Kd5 48. a5 Ke4 49. a6 Kxe3 50. a7 Kf3 51.
a8=Q+ Kxg3 52. Kd2 Kxh4 53. Qg2 f4 54. Qg1 f5 55.
Ke2 Kh3 56. Kf3 h4 57. Qh1# 1-0

[Event "*** SCC Grand Prix: Titled Tuesday Blitz"]
[Site "Chess.com"]
[Date "2020.07.14"]
[Round "2"]
[White "mohssenbinaddi"]
[Black "whodee11"]
[Result "0-1"]
[WhiteElo "2150"]
[BlackElo "2411"]
[TimeControl "180+1"]
[EndTime "10:17:45 PDT"]
[Termination "whodee11 won on time"]

1. Nf3 c5 2. g3 Nc6 3. Bg2 g6 4. h4 h5 5. d4 cxd4 6. Nxd4 Bg7 7. Nxc6 bxc6 8. O-O Nf6 9. c4 O-O 10. Nc3 Bb7 11.
Bf4 d6 12. Qd2 e5 13. Bg5 Qc7 14.
Rfd1 Rad8 15. Qc2 Qb6 16. e3 Bc8 17. Qa4 Bg4 18. Rd2 Rd7 19. Qxc6 Qb8 20. Bxf6 Rc8 21.
Bxg7 Rxc6 22. Bxc6 Rc7 23. Nd5 Rxc6 24. Ne7+ Kxg7 25. Nxc6 Qc7 26. Nb4 Qxc4 27. a3 Bf3 28. Rxd6 Qg4 29. Kh2 g5 30. hxg5 Qxg5 31. Rg1 a5 32.
Nd3 Qe7 33. Rb6 Qc7 34. Rb3 Kf6 0-1

[Event "*** SCC Grand Prix: Titled Tuesday Blitz"]
[Site "Chess.com"]
[Date "2020.07.14"]
[Round "2"]
[White "SiddharthGMJagadeesh"]
[Black "FatUpss"]
[Result "1-0"]
[WhiteElo "2505"]
[BlackElo "2752"]
[TimeControl "180+1"]
[EndTime "10:17:46 PDT"]
[Termination "SiddharthGMJagadeesh won on time"]

1. Nf3 d6 2. c4 g6 3. g3 Bg7 4.
Bg2 f5 5. O-O e5 6. Nc3 Nf6 7.
d3 h6 8. Rb1 a5 9. a3 O-O 10. b4 axb4 11. axb4 g5 12. Ne1 f4 13. b5 Nbd7 14. Nc2 Nc5 15. d4 exd4 16. Nxd4 Qe8 17.
Bb2 Qh5 18. Nd5 Bh3 19. Nxf6+ Bxf6 20. Nb3 Nxb3 21. Qxb3 Bxg2 22. Kxg2 Qxe2 23. c5+ Kg7 24. cxd6 Qh5 25. gxf4 gxf4 26. Kh1 cxd6 27. Rg1+ Kh7 28. Rbc1 Be5 29. Rc7+ Kh8 30. Bxe5+ Qxe5 31. Qh3 Qd5+ 32. f3 Rf6 33. Qg4 1-0

[Event "*** SCC Grand Prix: Titled Tuesday Blitz"]
[Site "Chess.com"]
[Date "2020.07.14"]
[Round "2"]
[White "grunbergmihai"]
[Black "TimofeevAr"]
[Result "1-0"]
[WhiteElo "2518"]
[BlackElo "2781"]
[TimeControl "180+1"]
[EndTime "10:17:47 PDT"]
[Termination "grunbergmihai won by resignation"]

1. Nf3 Nf6 2. c4 c5 3. Nc3 d5 4. cxd5 Nxd5 5. d4 Nxc3 6. bxc3 g6 7. g3 Bg7 8. Bg2 O-O 9. O-O Nc6 10. e3 e5 11. d5 Na5 12. e4 b6 13. Qe2 c4 14.
Ba3 Re8 15. Rab1 Ba6 16. h4 Nb7 17. Rfd1 Nd6 18. h5 Qc7 19. hxg6 hxg6 20. Bh3 Rad8 21. Kg2 Bf6 22. Bg4 Kg7 23. Nd2 Rh8 24. Rh1 b5 25.
Qe3 Be7 26. Rxh8 Rxh8 27. Rh1 Rxh1 28. Kxh1 Bc8 29. Bxc8 Nxc8 30. Bxe7 Qxe7 31. f4 a5 32. Nf3 f6 33. fxe5 fxe5 34. Ng5 Nd6 35. Ne6+ Kg8 36.
Qb6 Nxe4 37. Qb8+ Kh7 38. Qxe5 Qf6 39. Qxe4 Qf1+ 40. Kh2 Qf2+ 41. Qg2 Qxg2+ 42. Kxg2 b4 43. cxb4 axb4 44. Nd4 Kg7 45. Kf3 Kf6 46. Ke4 c3 47. d6 Kf7 48. Nc2 Ke6 49. Nxb4 Kxd6 50. Kd3 Kc5 51.
Kxc3 1-0

[Event "*** SCC Grand Prix: Titled Tuesday Blitz"]
[Site "Chess.com"]
[Date "2020.07.14"]
[Round "2"]
[White "TomasKapitanchuk"]
[Black "malakismayil"]
[Result "0-1"]
[WhiteElo "2422"]
[BlackElo "2253"]
[TimeControl "180+1"]
[EndTime "10:17:47 PDT"]
[Termination "malakismayil won by resignation"]

1. e4 e5 2. Nf3 Nc6 3. Bc4 Bc5 4. c3 Nf6 5. d3 d6 6. a4 a5 7. O-O h6 8. Na3 O-O 9. h3 d5 10. exd5 Nxd5 11. Re1 Re8 12. Qb3 Be6 13. Qxb7 Qd6 14.
Qb3 Nb6 15. Bxe6 Rxe6 16. Nb5 Qd7 17. Be3 Be7 18. d4 e4 19. Nd2 Nd5 20. Nf1 Rg6 21. Kh1 Kh7 22. Qc2 f5 23. f4 exf3 24. gxf3 f4 25.
Bg1 Qxh3+ 26. Nh2 Bf6 27. c4 Ncb4 28. Qf2 Ne3 29. Ra3 Rg2 0-1

[Event "*** SCC Grand Prix: Titled Tuesday Blitz"]
[Site "Chess.com"]
[Date "2020.07.14"]
[Round "2"]
[White "IMHansNiemann"]
[Black "TheNextLevelFan"]
[Result "1/2-1/2"]
[WhiteElo "2865"]
[BlackElo "2539"]
[TimeControl "180+1"]
[EndTime "10:17:49 PDT"]
[Termination "Game drawn by repetition"]

1. d4 d5 2. Nc3 Nf6 3. Bf4 Bf5 4. f3 e6 5. g4 Bg6 6. h4 h5 7. g5 Nfd7 8. e3 Bd6 9. Bd3 Nf8 10. Nge2 Bxd3 11.
Qxd3 Ng6 12. Bxd6 cxd6 13. f4 Ne7 14. Ng3 g6 15. e4 Qa5 16. O-O-O Nbc6 17. a3 O-O-O 18.
exd5 Nxd5 19. Nce2 Kb8 20. c4 Nb6 21. Kb1 d5 22. c5 Nc4 23. Nf1 Ne7 24. Nd2 Nxd2+ 25. Rxd2 Nf5 26. b4 Qc7 27. Rc2 f6 28. gxf6 Rhf8 29.
a4 Rxf6 30. Rb2 Nh6 31. Ka2 Ng4 32. a5 Nf2 33. Qf3 Nxh1 34. Qxh1 Rxf4 35. Nxf4 Qxf4 36. Qe1 Qxd4 37. Qxe6 Qc4+ 38. Rb3 Qc2+ 39. Ka3 Qc1+ 40. Rb2 Qa1+ 41. Kb3 Qd1+ 42. Rc2 Qb1+ 43. Rb2 Qd1+ 44.
Ka3 Qa1+ 45. Kb3 Qd1+ 1/2-1/2

[Event "*** SCC Grand Prix: Titled Tuesday Blitz"]
[Site "Chess.com"]
[Date "2020.07.14"]
[Round "2"]
[White "allvim"]
[Black "PavelShkapenko"]
[Result "1/2-1/2"]
[WhiteElo "2249"]
[BlackElo "2597"]
[TimeControl "180+1"]
[EndTime "10:17:49 PDT"]
[Termination "Game drawn by repetition"]

1. e4 c5 2. Nf3 e6 3. d4 cxd4 4. Nxd4 Nf6 5. Bd3 Nc6 6. Nxc6 dxc6 7. O-O e5 8. Bg5 Be7 9. Nd2 Be6 10. Re1 O-O 11.
Bc4 Bg4 12. f3 Bc8 13. Be3 Nd7 14. Nf1 Bc5 15. Bxc5 Nxc5 16. Qxd8 Rxd8 17. Rad1 Be6 18. Bxe6 Nxe6 19. c3 Nf4 20. Ne3 f6 21. g3 Ne6 22.
Nf5 Nc5 23. b3 g6 24. Ne3 Kf7 25. Rxd8 Rxd8 26. Rd1 Ke7 27. Rxd8 Kxd8 28. Kf1 Ke7 29. Ke2 Ne6 30. Nc4 b5 31. Nb2 Kd6 32. Nd3 f5 33.
Ke3 a5 34. f4 exf4+ 35. gxf4 fxe4 36. Kxe4 Ng7 37. Ne5 Nf5 38. Nf7+ Ke6 39. Ng5+ Kf6 40. Nxh7+ Kg7 41. Ng5 Kf6 42. Nf3 Nd6+ 43. Ke3 c5 44.
Ne5 Kf5 45. Nc6 a4 46. bxa4 bxa4 47. Ne7+ Kf6 48. Nd5+ Kf5 49. Nb6 a3 50. Nd5 Nc4+ 51. Kd3 Nd6 52. Ne7+ Kf6 53. Nd5+ Kf5 54. Ne7+ Kf6 55.
Nd5+ Kf5 1/2-1/2

[Event "*** SCC Grand Prix: Titled Tuesday Blitz"]
[Site "Chess.com"]
[Date "2020.07.14"]
[Round "2"]
[White "CrushingKings"]
[Black "gena217"]
[Result "0-1"]
[WhiteElo "2553"]
[BlackElo "2926"]
[TimeControl "180+1"]
[EndTime "10:17:50 PDT"]
[Termination "gena217 won by checkmate"]

1. e4 c6 2. Nf3 d5 3. Nc3 a6 4. h3 d4 5. Ne2 c5 6. Ng3 Nc6 7. a4 e6 8. Bc4 Bd6 9. d3 Qc7 10. Ne2 Nge7 11. Bd2 b6 12. O-O O-O 13. Nh4 Ng6 14.
Nxg6 hxg6 15. f4 Rb8 16. Qe1 b5 17. axb5 axb5 18. Bb3 c4 19. Ba2 Bd7 20. h4 cxd3 21. cxd3 b4 22. Bc4 Na5 23. b3 Nxc4 24. dxc4 Qb7 25.
Ng3 Bc6 26. Qe2 Bc5 27. Kh2 d3 28. Qxd3 Rfd8 29. Qe2 Qe7 30. Kh3 Rd7 31. Be3 Rbd8 32. Bxc5 Qxc5 33. Rad1 Rd4 34. Qe3 e5 35. f5 Qe7 36.
Rxd4 exd4 37. Qd3 Qe5 38. Rf3 Ra8 39. Rf2 Ra1 40. Re2 Rc1 41. Rd2 Rc3 42. Qxd4 Qxg3# 0-1

[Event "*** SCC Grand Prix: Titled Tuesday Blitz"]
[Site "Chess.com"]
[Date "2020.07.14"]
[Round "2"]
[White "guillembaches"]
[Black "superchess02"]
[Result "0-1"]
[WhiteElo "2425"]
[BlackElo "2658"]
[TimeControl "180+1"]
[EndTime "10:17:50 PDT"]
[Termination "superchess02 won by resignation"]

1. e4 c5 2. Nf3 d6 3. d4 cxd4 4. Nxd4 Nf6 5. Nc3 a6 6. Be2 e5 7. Nf3 Be7 8. Bg5 Be6 9. Bxf6 Bxf6 10. Nd5 Be7 11. Bc4 Nd7 12. O-O Rc8 13. Qe2 O-O 14. Rad1 b5 15. Bb3 Nc5 16. c3 Bxd5 17. Rxd5 Qb6 18.
Rfd1 Kh8 19. Bc2 a5 20. a3 b4 21. axb4 axb4 22. c4 b3 23. Bb1 Ne6 24. g3 Qb4 25. Bd3 Nc7 26. Ne1 Nxd5 27. exd5 f5 28. Rc1 e4 29. Bb1 Bf6 30. Ng2 Ra8 31. Nf4 Ra2 32. Qh5 Qd2 33. Rf1 Rxb2 34. Qxf5 Rxb1 35. Rxb1 Qc2 36. Re1 b2 37. Ng6+ hxg6 38. Qh3+ Kg8 39. Qe6+ Kh7 40. Qh3+ Bh4 0-1

[Event "*** SCC Grand Prix: Titled Tuesday Blitz"]
[Site "Chess.com"]
[Date "2020.07.14"]
[Round "2"]
[White "DonPreuss"]
[Black "onnoelgersma"]
[Result "0-1"]
[WhiteElo "2194"]
[BlackElo "2426"]
[TimeControl "180+1"]
[EndTime "10:17:50 PDT"]
[Termination "onnoelgersma won on time"]

1. d4 d5 2. e4 c6 3. Nc3 dxe4 4. f3 exf3 5. Nxf3 Nf6 6. Bc4 g6 7.
Ne5 Nd5 8. Qf3 f6 9. O-O Be6 10. Ne4 fxe5 11. Ng5 Qd7 12. dxe5 Bg7 13. Qg3 Na6 14.
Bxa6 bxa6 15. c4 Nb6 16. b3 O-O-O 17. Be3 Rhf8 18. Ne4 Rxf1+ 19. Rxf1 Rf8 20. Rxf8+ Bxf8 21. Qf3 Bf5 22. Nc5 Qc7 23. g4 Qxe5 24. gxf5 Qxf5 25. Qxf5+ gxf5 26. Ne6 Nd7 27. Bxa7 Bh6 28. Kf2 Ne5 29. h3 Nd3+ 30. Kf3 Kd7 31. Nc5+ Nxc5 32. Bxc5 e5 33. Bf2 e4+ 34. Ke2 Ke6 35. Bh4 f4 36. Bd8 f3+ 37.
Kf2 Kf5 38. Bc7 Bg7 0-1

[Event "*** SCC Grand Prix: Titled Tuesday Blitz"]
[Site "Chess.com"]
[Date "2020.07.14"]
[Round "2"]
[White "WPWPWP-2015"]
[Black "ViktoriyaTarasova"]
[Result "0-1"]
[WhiteElo "2421"]
[BlackElo "2233"]
[TimeControl "180+1"]
[EndTime "10:17:56 PDT"]
[Termination "ViktoriyaTarasova won on time"]

1. e4 c5 2. Nf3 d6 3. d4 cxd4 4. Nxd4 Nf6 5. Nc3 a6 6. Be3 e5 7. Nb3 Be6 8. f3 Be7 9. Qd2 Nbd7 10. g4 b5 11. g5 Nh5 12. Rg1 Nb6 13. Nd5 Nxd5 14.
exd5 Bd7 15. Na5 O-O 16. Bd3 Rc8 17. h4 Nf4 18. Be4 f5 19. gxf6 Bxf6 20. O-O-O Bxh4 21. Nc6 Bxc6 22. dxc6 d5 23. Bxf4 dxe4 24. Qg2 Qf6 25.
Be3 exf3 26. Qg4 Rxc6 27. Rd7 g6 28. Rh1 Rc4 29. Qh3 f2 30. Rf1 Qf5 31. Qxf5 Rxf5 32. b3 Rc8 33. Kd2 Rcf8 34. Ke2 g5 35. c4 bxc4 36.
bxc4 g4 37. Bh6 Re8 0-1

[Event "*** SCC Grand Prix: Titled Tuesday Blitz"]
[Site "Chess.com"]
[Date "2020.07.14"]
[Round "2"]
[White "Joshukid"]
[Black "Lector118"]
[Result "1-0"]
[WhiteElo "2735"]
[BlackElo "2478"]
[TimeControl "180+1"]
[EndTime "10:17:57 PDT"]
[Termination "Joshukid won by resignation"]

1. Nf3 Nf6 2. c4 g6 3. b3 Bg7 4.
Bb2 O-O 5. g3 d6 6. d4 c5 7. Bg2 e5 8. dxc5 dxc5 9. Qxd8 Rxd8 10. Bxe5 Nc6 11. Bc3 Nb4 12. Na3 Bf5 13. O-O Ne4 14.
Bxg7 Kxg7 15. Nh4 Nc3 16. Nxf5+ gxf5 17. e3 Rd2 18. Bxb7 Rb8 19. Bf3 Nbxa2 20. Nb5 Nxb5 21. cxb5 Rxb5 22. Rfd1 Rxd1+ 23. Bxd1 Nc3 24. Bc2 a5 25. Bxf5 Rxb3 26. Rxa5 c4 27. Rc5 Rb4 28. Kg2 Na4 29. Rc7 c3 30. Bc2 Nb6 31. Rxc3 Nd5 32. Rc5 Nf6 33.
h3 Rb2 34. g4 h6 35. Kf3 Ne8 36.
Bd3 Rd2 37. Bc4 Nd6 38. Bd5 Kf6 39. Ra5 Ke7 40. h4 Kf6 41. g5+ hxg5 42. hxg5+ Kxg5 43.
Bxf7+ Kf6 44. Bd5 Nf5 45. Be4 Nh4+ 46. Kg3 Ng6 47. Ra6+ Ke5 48. Bxg6 Rxf2 49. Kxf2 1-0